 Dungeon Crawl Stone Soup version 0.27-a0-765-ge4d627daa3 (webtiles) character file.

Game seed: 15038550202957332410

150 srzhan31 the Magician (level 5, -6/35 HPs)
             Began as a Djinni Conjurer on Mar 25, 2021.
             Was an Initiate of Makhleb.
             Mangled by a hornet zombie (13 damage)
             ... on level 3 of the Dungeon.
             The game lasted 00:05:23 (2784 turns).

srzhan31 the Magician (Djinni Conjurer)             Turns: 2784, Time: 00:05:23

Health: -6/35      AC:  2    Str:  6    XL:     5   Next: 32%
Gold:   180        EV: 12    Int: 21    God:    Makhleb [......] SH:  0 Dex: 11

rFire    + + .     SeeInvis .   (no weapon)
rCold    x . .     Faith    .   (no shield)
rNeg     . . .     Spirit   .   a - +0 robe
rPois    ∞         Reflect  .   (no helmet)
rElec    .         Harm     .   (no cloak)
rCorr    .         Rampage  .   (no gloves)
Will     .....                  (boots unavailable)
Stlth    ++........             (no amulet)
HPRegen  0.11/turn              (no ring)
MPRegen  0.00/turn              (no ring)

@: flying
A: fire resistance 2, cold vulnerability 1, float, innate caster, hp casting,
extra vitality 1
a: Renounce Religion


You were on level 3 of the Dungeon.
You worshipped Makhleb.
Makhleb was noncommittal.
You visited 1 branch of the dungeon, and saw 3 of its levels.

You collected 180 gold pieces.

Inventory:

Hand Weapons
 d - a +4 dagger
Armour
 a - a +0 robe (worn)
Scrolls
 b - a scroll of torment {unknown}
 c - a scroll of enchant weapon {unknown}
 e - a scroll of blinking {unknown}
 f - a scroll of summoning {unknown}
 h - a scroll of immolation {unknown}
 j - a scroll of identify {unknown}
 l - a scroll of holy word {unknown}
Potions
 g - a potion of heal wounds {unknown}
 i - a potion of haste {unknown}
 k - a potion of lignification {unknown}


   Skills:
 + Level 2.4 Dodging
 - Level 1.6 Stealth
 + Level 5.5 Spellcasting


You couldn't memorise any spells.
You knew the following spells:

 Your Spells              Type           Power      Damage    Failure   Level
a - Magic Dart            Conj           100%       1d8       1%          1
b - Searing Ray           Conj           56%        3d5       1%          2
c - Dazzling Flash        Conj/Hex       56%        N/A       3%          3
d - Fulminant Prism       Conj/Hex       14%        3d9       11%         4
e - Iskenderun's Mystic   Conj/Tloc      28%        2d7       11%         4
f - Summon Small Mammal   Summ           100%       N/A       1%          1
g - Slow                  Hex            28%        N/A       1%          2
Your spell library was empty.

Dungeon Overview and Level Annotations

Branches:
Dungeon (3/15)

Altars:
Elyvilon
Gozag
Makhleb
Zin

Shops:
D:1 (


Innate Abilities, Weirdness & Mutations

You are immune to poison.
Your flesh is very heat resistant. (rF++)
You are vulnerable to cold. (rC-)
You float through the air rather than walking.
You learn spells naturally, not from books.
Your magical power is your life essence.
You have superior vitality. (+4 HP)


Message History

Things that are here:
a +0 flail; a +0 scale mail
Things that are here:
a +0 morningstar; a +0 ring mail A hornet zombie comes into view.
Casting: Magic Dart (safe; 1% risk of failure)
Confirm with . or Enter, or press ? or * to list all spells.
Aiming: Searing Ray (safe; 1% risk of failure)
Press: ? - help, Shift-Dir - straight line, f - hornet zombie
Aim: a hornet zombie (18% to evade)
The searing ray hits the hornet zombie.
The hornet zombie is lightly damaged. (Press . to maintain the ray.)
The searing ray hits the hornet zombie.
The hornet zombie is moderately damaged.
The searing ray hits the hornet zombie!
The hornet zombie is heavily damaged.
The hornet zombie hits you.
The searing ray hits the hornet zombie.
The hornet zombie is heavily damaged.
You finish channeling your searing ray.
The hornet zombie closely misses you. The hornet zombie barely misses you.
Casting: Searing Ray (safe; 1% risk of failure)
Confirm with . or Enter, or press ? or * to list all spells.
Aiming: Searing Ray (safe; 1% risk of failure)
Press: ? - help, Shift-Dir - straight line, f/p - hornet zombie
Aim: a hornet zombie (heavily damaged, 18% to evade)
The searing ray misses the hornet zombie. (Press . to maintain the ray.)
The hornet zombie hits you!
Unknown command.
The searing ray hits the hornet zombie!
The hornet zombie is severely damaged.
The hornet zombie hits you!
* * * LOW HITPOINT WARNING * * *
The searing ray hits the hornet zombie.
The hornet zombie is severely damaged.
* * * LOW HITPOINT WARNING * * *
The hornet zombie hits you!
You die...

### #.. #####.. #......
#......
##################......
......Z@................
....###########.........
. ##.)........
######..)........
.####.......)........
....#.......)........
#....................
#...........)<......#
#.(...#..............


You could see a hornet zombie.

Vanquished Creatures
  4 gnolls (D:2)
  2 adders
  A shadow imp (D:3)
  A worm (D:2)
  3 dart slugs
  4 orcs (D:3)
  3 endoplasms
  2 giant cockroaches (D:2)
  3 hobgoblins (D:1)
  4 jackals (D:2)
  3 quokkas
  3 ball pythons
  6 bats
  5 frilled lizards
  10 goblins
  9 kobolds
  5 rats
68 creatures vanquished.

Vanquished Creatures (collateral kills)
  An adder (D:3)
1 creature vanquished.

Vanquished Creatures (others)
  An adder (D:3)
1 creature vanquished.

Grand Total: 70 creatures vanquished

Notes
Turn   | Place    | Note
-------+----------+-------------------------------------------
     0 | D:1      | srzhan31 the Djinni Conjurer began the quest for the Orb.
     0 | D:1      | Reached XP level 1. HP: 15/15 MP: 0/0
   105 | D:1      | Found Udgher's Antique Weapon Shop.
   236 | D:1      | Reached XP level 2. HP: 17/21 MP: 0/0
   244 | D:1      | Reached skill level 4 in Spellcasting
  1162 | D:2      | Reached XP level 3. HP: 21/25 MP: 0/0
  1162 | D:2      | Learned a level 1 spell: Summon Small Mammal
  1309 | D:2      | Reached XP level 4. HP: 13/31 MP: 0/0
  1597 | D:2      | Reached skill level 5 in Spellcasting
  2037 | D:2      | Found a white marble altar of Elyvilon.
  2039 | D:2      | Found an opulent altar of Gozag.
  2252 | D:3      | Reached XP level 5. HP: 33/35 MP: 0/0
  2252 | D:3      | Learned a level 2 spell: Slow
  2602 | D:3      | Found a burning altar of Makhleb.
  2606 | D:3      | Found a glowing silver altar of Zin.
  2606 | D:3      | Noticed a balrug
  2607 | D:3      | Noticed an angel
  2611 | D:3      | Became a worshipper of Makhleb the Destroyer
  2784 | D:3      | Mangled by a hornet zombie

Illustrated notes

Levels and vault maps discovered:
D:1:      wander_arrival_peaceful_grave, layout_loops_cross, serial_shops, shop,
          serial_park_tiny_1
D:2:      layout_rooms, nicolae_overflow_hidden_temple
D:3:      layout_rooms, grunt_temple_overflow_order_and_chaos_2,
          lemuel_old_faithful

Skill      XL: |  1  2  3  4 |
---------------+-------------+-----
Spellcasting   | 4 5 |  5.5
Dodging        | |  2.4
Stealth        | |  1.6

Action                   |  1- 3 |  4- 6 || total
-------------------------+-------+-------++-------
 Cast: Magic Dart        |    20 |    24 ||    44
       Searing Ray       |    13 |    21 ||    34
       Summon Small Mamm |       |     1 ||     1
Armor: Robe              |       |     1 ||     1
Dodge: Dodged            |     6 |     2 ||     8

Table legend: (Time is in decaauts)
 A = Elapsed time spent in this place.
 B = Non-inter-level travel time spent in this place.
 C = Inter-level travel time spent in this place.
 D = Time resting spent in this place.
 E = Time spent auto-exploring this place.
 F = Levels seen in this place.
 G = Mean time per level.
                   A        B        C        D        E       F      G
               +--------+--------+--------+--------+--------+-----+--------+
         Total |   2783 |   2730 |     53 |      0 |   2442 |   3 |  927.7 |
       Dungeon |   2783 |   2730 |     53 |      0 |   2442 |   3 |  927.7 |
               +--------+--------+--------+--------+--------+-----+--------+

Top non-repeatable levels by time:
     D:1: 1158 daAuts
     D:2: 1028 daAuts
     D:3: 596 daAuts
